 Dungeon Crawl Stone Soup version 0.30.0-13-g156ef70053 (webtiles) character file.

Game seed: 13197140072186136167

4711 Chucky the Conjurer (level 10, -11/81 HPs)
             Began as a Red Draconian Conjurer on May 17, 2023.
             Was an Elder of Wu Jian.
             Mangled by a polar bear (21 damage)
             ... on level 1 of the Lair of Beasts.
             The game lasted 00:35:00 (8076 turns).

Chucky the Conjurer (Red Draconian Conjurer)        Turns: 8076, Time: 00:35:00

Health: -11/81     AC: 10    Str: 11    XL:     10   Next: 22%
Magic:  13/16      EV: 13    Int: 20    God:    Wu Jian [****..]
Gold:   471        SH:  0    Dex: 11    Spells: 6/17 levels left

rFire   + . .        q - +2 short sword (venom)
rCold   + . .        (no shield)
rNeg    . . .        (body armour unavailable)
rPois   .            (helmet restricted)
rElec   .            (no cloak)
rCorr   .            i - +0 pair of gloves {infuse}
SInv    .            y - +1 pair of boots
Will    .....        C - amulet of magic regeneration
Stlth   +++          r - ring of protection from cold
HPRegen 0.33/turn    (no ring)
MPRegen 0.55/turn

%: infuse magic (1 MP)
@: short of breath
A: breathe fire, AC +7, unfitting armour, fire resistance 1, cold-blooded
a: Breathe Fire, Renounce Religion, Wall Jump, Serpent's Lash


You were on level 1 of the Lair of Beasts.
You worshipped Wu Jian.
Wu Jian was greatly pleased with you.
You visited 2 branches of the dungeon, and saw 9 of its levels.

You collected 471 gold pieces.

Inventory:

Hand Weapons
 e - a +0 heavy great mace
 q - a +2 short sword of venom (weapon)
Missiles
 n - 5 boomerangs
 t - 9 atropa-tipped darts
 w - 3 boomerangs of dispersal
 z - 7 curare-tipped darts (quivered)
Armour
 i - a +0 pair of gloves of infusion (worn)
 y - a +1 pair of boots (worn)
Jewellery
 r - a ring of protection from cold (left hand)
 C - an amulet of magic regeneration (around neck)
Wands
 o - a wand of flame (5)
 E - a wand of iceblast (14)
 I - a wand of mindburst (11)
Scrolls
 c - a scroll of poison {unknown}
 f - a scroll of enchant armour
 l - 3 scrolls of teleportation
 m - a scroll of torment
 p - a scroll of immolation
 s - 3 scrolls of butterflies {unknown}
 u - 2 scrolls of vulnerability {unknown}
 D - a scroll of fear {unknown}
 H - a scroll of enchant weapon {unknown}
Potions
 a - 2 potions of lignification
 b - 7 potions of curing
 d - a potion of ambrosia
 g - a potion of haste {unknown}
 h - a potion of cancellation
 j - a potion of flight
 k - 3 potions of attraction {unknown}
 v - 5 potions of brilliance {unknown}
 x - 2 potions of might {unknown}
 A - 2 potions of heal wounds {unknown}
 B - a potion of degeneration {unknown}
 F - a potion of mutation {unknown}


   Skills:
 * Level 5.2 Fighting
 * Level 4.1 Short Blades
 + Level 2.1 Maces & Flails
 * Level 4.9 Throwing
 * Level 5.8 Dodging
 * Level 4.5 Stealth
 * Level 3.8 Unarmed Combat
 * Level 4.1 Spellcasting
 * Level 6.1 Conjurations
 * Level 4.0 Necromancy
 + Level 0.1 Translocations
 + Level 0.3 Air Magic
 * Level 3.6 Evocations


You had 6 spell levels left.
You knew the following spells:

 Your Spells              Type           Power      Damage    Failure   Level
a - Magic Dart            Conj           100%       1d8       1%          1
b - Searing Ray           Conj           56%        2d6       1%          2
c - Animate Dead          Necr           20%        N/A       24%         4
d - Kiss of Death         Conj/Necr      96%        2d12      1%          1
e - Vhi's Electric Charg  Tloc/Air       8%         N/A       34%         3

Your spell library contained the following spells:

 Spells                   Type           Power      Damage    Failure   Level
 Momentum Strike          Conj/Tloc      32%        3d8       5%          2
 Dazzling Flash           Conj/Hex       32%        N/A       11%         3
 Blink                    Tloc           8%         N/A       19%         2
 Ensorcelled Hibernation  Hex/Ice        8%         N/A       19%         2
 Lesser Beckoning         Tloc           8%         N/A       19%         2
 Dispel Undead            Necr           20%        3d11      24%         4
 Fulminant Prism          Conj/Hex       8%         3d7       34%         4
 Iskenderun's Mystic Bla  Conj/Tloc      16%        2d5       34%         4
 Confusing Touch          Hex            4%         N/A       36%         3
 Spider Form              Tmut/Pois      4%         N/A       36%         3
 Anguish                  Hex/Necr       6%         N/A       50%         4
 Arcjolt                  Conj/Air       8%         1d18      67%         5
 Plasma Beam              Fire/Air       2%         2x1d13    100%        6
 Haunt                    Necr/Summ      6%         N/A       100%        7
 Infestation              Necr           10%        N/A       100%        8


Dungeon Overview and Level Annotations

Branches:
Dungeon (8/15)             Temple (0/1) D:5            Lair (1/5) D:8

Altars:
Ashenzari
Cheibriados
Dithmenos
Elyvilon
Hepliaklqana
Kikubaaqudgha
Nemelex Xobeh
Okawaru
Qazlal
Wu Jian
Xom
Zin
The Shining One

Annotations:
D:5 Pikel


Innate Abilities, Weirdness & Mutations

You can breathe blasts of fire.
Your fiery red scales are hard. (AC +7)
You cannot fit into any form of body armour.
Your flesh is heat resistant. (rF+)
You are cold-blooded and may be slowed by cold attacks.


Message History

Aiming: Searing Ray (safe; 1% risk of failure)
Press: ? - help, Shift-Dir - straight line, f/p - polar bear
Aim: a polar bear (severely wounded, 85% to hit)
Okay, then.
Aiming: Breathe Fire (3% risk of failure)
Press: ? - help, Shift-Dir - straight line, f/p - polar bear
Aim: a polar bear (severely wounded, 77% to hit)
You breathe a blast of fire.
The fiery breath hits the polar bear.
The polar bear is severely wounded.
The polar bear goes berserk!
Unknown command.
You barely miss the polar bear. You tail-slap the polar bear.
The polar bear is severely wounded.
The polar bear misses you. The polar bear barely misses you.
The polar bear claws you but does no damage.
You hit the polar bear but do no damage.
The polar bear is poisoned.
The polar bear is severely wounded.
The polar bear bites you.
The polar bear claws you but does no damage. x2
You hit the polar bear but do no damage.
The polar bear looks as sick as possible!
You punch the polar bear.
The polar bear is severely wounded.
The polar bear barely misses you.
The polar bear claws you but does no damage. x2
The polar bear misses you.
The polar bear claws you but does no damage.
The polar bear closely misses you.
The polar bear rages.
The polar bear bites you!
* * * LOW HITPOINT WARNING * * *
The polar bear misses you. The polar bear closely misses you.
The polar bear attacks as you move away!
The polar bear bites you!
* * * LOW HITPOINT WARNING * * *
The polar bear claws you but does no damage.
The polar bear closely misses you. The polar bear bites you!!
You die...

#..........#
###..........#
#............#
#...........##
#............#
##.............
#..............
#......h.....##
#......@......#
#...<.........#
#.............#
##...........##
##.........###
##........###
###...###.###
#...### ###
##..##


You could see a polar bear (berserk, very poisoned).

Vanquished Creatures
  The ghost of howech the Twirler, an amateur MiGl of Jiyva (D:4)
  Prince Ribbit (D:5)
  A hornet (D:8)
  Sigmund (D:3)
  3 yaks
  Eustachio (D:6)
  3 steam dragons (D:8)
  An acid dragon (D:8)
  2 water moccasins
  An orc warrior (D:7)
  4 black bears
  2 ice beasts
  2 sky beasts
  2 centaurs (D:8)
  An ogre (D:6)
  A phantom (D:6)
  A kobold brigand (D:7)
  A bullfrog (D:4)
  4 scorpions
  A gnoll sergeant (D:8)
  A wight (D:7)
  4 howler monkeys
  Crazy Yiuf (D:5)
  2 gnoll boudas
  7 hounds
  3 orc priests
  A sleepcap (D:6)
  Jessica (D:3)
  Terence (D:3)
  An iguana (D:6)
  16 gnolls
  13 adders
  A shadow imp (D:7)
  An ufetubus (D:5)
  3 worms
  3 dart slugs
  16 orcs
  6 endoplasms
  3 giant cockroaches
  14 goblins
  5 hobgoblins
  7 jackals
  A quokka (D:2)
  8 ball pythons
  5 bats
  A frilled lizard (D:2)
  12 kobolds
  7 rats
178 creatures vanquished.

Vanquished Creatures (others)
  An orc wizard (D:8)
1 creature vanquished.

Grand Total: 179 creatures vanquished

Notes
Turn   | Place    | Note
-------+----------+-------------------------------------------
     0 | D:1      | Chucky the Draconian Conjurer began the quest for the Orb.
     0 | D:1      | Reached XP level 1. HP: 14/14 MP: 3/3
   271 | D:1      | Reached XP level 2. HP: 22/22 MP: 0/5
   274 | D:1      | Learned a level 2 spell: Searing Ray
   561 | D:2      | Found a faded altar of an unknown god.
   622 | D:2      | Prayed at the altar of an unknown god.
   622 | D:2      | Became a worshipper of the Wu Jian Council
   622 | D:2      | Reached * piety under Wu Jian
   742 | D:2      | Reached XP level 3. HP: 13/27 MP: 2/6
   871 | D:2      | Reached skill level 1 in Fighting
  1267 | D:2      | Reached skill level 1 in Unarmed Combat
  1471 | D:2      | Reached XP level 4. HP: 35/35 MP: 3/7
  1476 | D:2      | Learned a level 4 spell: Animate Dead
  2130 | D:3      | Found a glowing golden altar of the Shining One.
  2347 | D:3      | Noticed Terence
  2382 | D:3      | Killed Terence
  2383 | D:3      | Reached XP level 5. HP: 24/40 MP: 8/8
  2467 | D:3      | Noticed Jessica
  2479 | D:3      | Killed Jessica
  2480 | D:3      | Reached skill level 1 in Maces & Flails
  2537 | D:3      | Noticed a black bear
  2552 | D:3      | Killed a black bear
  2553 | D:3      | Reached skill level 1 in Throwing
  2553 | D:3      | Reached skill level 5 in Conjurations
  2626 | D:3      | Reached ** piety under Wu Jian
  2759 | D:3      | Reached XP level 6. HP: 47/48 MP: 3/9
  2914 | D:3      | Found a white marble altar of Elyvilon.
  2916 | D:3      | Found a glowing silver altar of Zin.
  3032 | D:3      | Noticed a water moccasin
  3052 | D:3      | Killed a water moccasin
  3053 | D:3      | Reached skill level 1 in Necromancy
  3053 | D:3      | Reached skill level 1 in Evocations
  3210 | D:3      | Noticed Sigmund
  3217 | D:3      | Killed Sigmund
  3218 | D:3      | Your scales start taking on a fiery red colour.
  3218 | D:3      | Reached XP level 7. HP: 46/55 MP: 4/11
  3218 | D:3      | Gained mutation: Your flesh is heat resistant. (rF+) [Red
                  | Draconian growth]
  3287 | D:3      | Identified a scroll of acquirement
  3288 | D:3      | Acquired a +0 pair of gloves of infusion
  3537 | D:4      | Reached skill level 1 in Short Blades
  3600 | D:4      | Learned a level 1 spell: Kiss of Death
  3708 | D:4      | Found a hazy altar of Hepliaklqana.
  3710 | D:4      | Found a shimmering altar of Xom.
  3711 | D:4      | Noticed a spectral ugly thing
  3779 | D:4      | Found a runed translucent door.
  3782 | D:4      | Noticed howech's ghost (amateur MiGl)
  3791 | D:4      | Learned a level 3 spell: Vhi's Electric Charge
  3817 | D:4      | Reached *** piety under Wu Jian
  3831 | D:4      | Killed howech's ghost
  3996 | D:4      | Reached XP level 8. HP: 62/62 MP: 10/12
  4082 | D:4      | Found an ancient bone altar of Kikubaaqudgha.
  4445 | D:5      | Entered Level 5 of the Dungeon
  4531 | D:5      | Noticed Prince Ribbit
  4545 | D:5      | Killed Prince Ribbit
  4572 | D:5      | Found a sparkling altar of Nemelex Xobeh.
  4572 | D:5      | Found a stormy altar of Qazlal.
  4576 | D:5      | Noticed Pikel
  4577 | D:5      | Found a snail-covered altar of Cheibriados.
  4961 | D:5      | Found a shadowy altar of Dithmenos.
  4963 | D:5      | Found a broken altar of Ashenzari.
  5008 | D:5      | Found a staircase to the Ecumenical Temple.
  5348 | D:5      | Found an iron altar of Okawaru.
  5437 | D:5      | Found a runed translucent door.
  5438 | D:5      | Noticed Crazy Yiuf
  5444 | D:5      | Killed Crazy Yiuf
  5759 | D:6      | Reached XP level 9. HP: 70/70 MP: 14/14
  6101 | D:6      | Noticed Eustachio
  6124 | D:6      | Reached **** piety under Wu Jian
  6136 | D:6      | Killed Eustachio
  6437 | D:7      | Reached skill level 6 in Conjurations
  7306 | D:8      | Reached skill level 5 in Dodging
  7357 | D:8      | Reached skill level 5 in Fighting
  7379 | D:8      | Reached XP level 10. HP: 47/81 MP: 12/16
  7545 | D:8      | Found a staircase to the Lair.
  8008 | Lair:1   | Entered Level 1 of the Lair of Beasts
  8076 | Lair:1   | Mangled by a polar bear

Illustrated notes

Levels and vault maps discovered:
D:1:      evilmike_arrival_plus, layout_rooms, serial_corexii_hall,
          corexii_hall_statues_t, corexii_hall_statues_x, st_stairs_13
D:2:      minmay_wonky_spiral, layout_loops_ring,
          dreamdust_ecumenical_altar_statues, palyth_stone_intersect,
          chequers_serial_rivers_micro_b, minmay_liquid_box
D:3:      minmay_spotlight, layout_basic, dreamdust_divine_triumvirate,
          amcnicky_mini_rare_corridor_liquid,
          nicolae_concentric_dashed_squares_mild, minmay_between, uniq_terence,
          uniq_sigmund, uniq_jessica
D:4:      layout_basic, regret_index_temple_of_mockery,
          kiku_gazebo_garden_becter, ebering_ghost_sewer_d, hex_tiny
D:5:      layout_basic, nicolae_overflow_hidden_temple, okawaru_trees_2,
          minmay_temple_entry_fiery, uniq_prince_ribbit1, uniq_pikel,
          uniq_crazy_yiuf_cottage
D:6:      layout_basic, uniq_eustachio
D:7:      layout_gridville, dk_noncrumbling_4, minmay_holes, wad_rectangle_vault
D:8:      layout_basic, dpeg_oklobed_lair
Lair:1:   layout_cave_pods

Skill      XL: |  1  2  3  4  5  6  7  8  9 10 |
---------------+-------------------------------+-----
Fighting       | 1 2 3 5 |  5.2
Dodging        | 2 3 4 5 |  5.8
Unarmed Combat | 1 2 3 |  3.8
Stealth        | 2 3 4 |  4.5
Maces & Flails | 1 2 |  2.1
Throwing       | 1 2 3 4 |  4.9
Conjurations   | 5 6 |  6.1
Necromancy     | 1 2 3 4 |  4.0
Evocations     | 1 2 3 |  3.6
Short Blades   | 1 2 4 |  4.1
Spellcasting   | 3 4 |  4.1
Translocations | |  0.1
Air Magic      | |  0.3

Action                     |  1- 3 |  4- 6 |  7- 9 | 10-12 || total
---------------------------+-------+-------+-------+-------++-------
  Melee: Great mace        |    68 |    28 |       |       ||    96
         Tailslap          |     4 |     5 |    23 |     1 ||    33
         Short sword       |       |    13 |   121 |     7 ||   141
         Punch             |       |       |     5 |     1 ||     6
  Throw: Boomerang         |     8 |    33 |    39 |       ||    80
         Dart              |       |       |     2 |     4 ||     6
   Cast: Magic Dart        |    10 |     2 |     2 |     1 ||    15
         Searing Ray       |     8 |    10 |    24 |     6 ||    48
         Animate Dead      |       |       |     1 |       ||     1
         Vhi's Electric Ch |       |       |     1 |       ||     1
Ability: Lunge             |     1 |     4 |     3 |       ||     8
         Whirlwind         |       |     9 |    20 |       ||    29
         Breathe Fire      |       |       |    49 |     6 ||    55
         Wall Jump         |       |       |     2 |       ||     2
  Evoke: Wand              |       |     3 |     7 |     3 ||    13
    Use: Potion            |     4 |     4 |     1 |     1 ||    10
         Scroll            |     1 |     4 |     4 |     2 ||    11
   Stab: Sleeping          |       |     5 |     1 |       ||     6
 Armour: Skin              |    25 |    25 |    65 |    25 ||   140
  Dodge: Dodged            |    81 |    85 |   106 |    29 ||   301
